 Dungeon Crawl Stone Soup version 0.21.1-1-g345015f (webtiles) character file.

293 infcreate the Covered (level 6, -2/55 HPs)
             Began as a Minotaur Fighter on Apr 30, 2018.
             Slain by Sigmund
             ... wielding a +0 scythe of flaming
              (4 damage)
             ... on level 4 of the Dungeon.
             The game lasted 00:16:49 (3392 turns).

infcreate the Covered (Minotaur Fighter)            Turns: 3392, Time: 00:16:51

Health: -2/55      AC:  8    Str: 23    XL:     6   Next: 11%
Magic:  5/5        EV:  7    Int:  5    God:
Gold:   145        SH: 10    Dex:  9    Spells: 5/5 levels left

rFire    . . .     SeeInvis .   a - +0 war axe
rCold    . . .     Gourm    .   c - +0 shield
rNeg     . . .     Faith    .   b - +0 scale mail
rPois    .         Spirit   .   (helmet restricted)
rElec    .         Reflect  .   (no cloak)
rCorr    .         Harm     .   o - +0 pair of gloves
MR       .....                  (no boots)
Stlth    ..........             (no amulet)
HPRegen  0.18/turn              (no ring)
MPRegen  0.09/turn              (no ring)

@: no status effects
A: retaliatory headbutt, horns 2
a: no special abilities


You were on level 4 of the Dungeon.
You were not hungry.

You visited 1 branch of the dungeon, and saw 4 of its levels.

You collected 145 gold pieces.

Inventory:

Hand Weapons
 a - a +0 war axe (weapon)
Armour
 b - a +0 scale mail (worn)
 c - a +0 shield (worn)
 o - a +0 pair of gloves (worn)
Wands
 q - a wand of enslavement (12)
Scrolls
 e - a scroll of identify {unknown}
 g - a scroll of blinking {unknown}
 h - 3 scrolls of remove curse
 k - 2 scrolls of amnesia {unknown}
 p - a scroll of enchant weapon {unknown}
Potions
 d - a potion of might
 i - 2 potions of invisibility
 j - a potion of heal wounds {unknown}
 l - 2 potions of curing {unknown}
 m - a potion of flight {unknown}
 r - a potion of lignification {unknown}
Books
 n - a book of Misfortune

   Spells                             Type                      Level
   a - Confusing Touch                Hexes                        1
   b - Confuse                        Hexes                        3
   c - Gell's Gravitas                Translocation                3
   d - Petrify                        Transmutation/Earth          4
   e - Metabolic Englaciation         Hexes/Ice                    5
   f - Yara's Violent Unravelling     Hexes/Transmutation          5
Comestibles
 f - 3 rations


   Skills:
 + Level 4.8 Fighting
 + Level 4.7 Axes
 + Level 5.4 Armour
 + Level 5.0 Shields


You had 5 spell levels left.
You didn't know any spells.

Dungeon Overview and Level Annotations

Branches:
Dungeon (4/15)
 Temple: D:4-7

Altars:
Cheibriados
Fedhas
Vehumet

Annotations:
D:4 Sigmund


Innate Abilities, Weirdness & Mutations

You reflexively headbutt those who attack you in melee.
You have a pair of horns on your head.


Message History

Sigmund points at you and mumbles some strange words.
You are more confused.
Sigmund closely misses you.
You miss Sigmund. You headbutt Sigmund.
Sigmund is heavily wounded.
Sigmund hits you with a scythe of flaming.
Sigmund burns you.
You hit Sigmund. You headbutt Sigmund.
Sigmund is severely wounded.
Sigmund hits you with a scythe of flaming.
* * * LOW HITPOINT WARNING * * *
Sigmund burns you.
* * * LOW HITPOINT WARNING * * *
You closely miss Sigmund. Your headbutt misses Sigmund.
Sigmund is severely wounded.
You feel less confused.
Sigmund hits you with a scythe of flaming!
* * * LOW HITPOINT WARNING * * *
Sigmund burns you.
You die...

#......# #.....# #......#
#.....# #......# #.....#
#......# #<....#
###......##########.....###
#..........................
#..........................
#..................<.......
#........@@................
#..........................
#####..........................
#........############+####+####
#........# #........#
#........+ #........#####
########.....#


You could see Sigmund.

Vanquished Creatures
  A howler monkey (D:3)
  A jelly (D:1)
  An orc wizard (D:3)
  An orc priest (D:3)
  Ijyb (D:3)
  4 adders
  2 worms (D:2)
  2 dart slugs
  14 orcs
  14 bats
  2 giant cockroaches
  8 goblins
  7 hobgoblins
  A quokka (D:2)
  3 ball pythons
  5 frilled lizards
  11 kobolds
  8 rats
86 creatures vanquished.

Notes
Turn   | Place    | Note
-------+----------+-------------------------------------------
     0 | D:1      | infcreate the Minotaur Fighter began the quest for the Orb.
     0 | D:1      | Reached XP level 1. HP: 19/19 MP: 0/0
    86 | D:1      | Reached XP level 2. HP: 26/27 MP: 1/1
   947 | D:2      | Found a radiant altar of Vehumet.
   957 | D:2      | Reached XP level 3. HP: 31/33 MP: 2/2
  1245 | D:1      | Reached XP level 4. HP: 3/40 MP: 3/3
  2218 | D:3      | Noticed Ijyb
  2255 | D:3      | Killed Ijyb
  2255 | D:3      | Reached XP level 5. HP: 40/47 MP: 4/4
  2520 | D:3      | Reached skill level 5 in Armour
  2891 | D:3      | Reached skill level 5 in Shields
  2891 | D:3      | Reached XP level 6. HP: 50/55 MP: 5/5
  2963 | D:3      | Found a snail-covered altar of Cheibriados.
  3013 | D:3      | Found a blossoming altar of Fedhas.
  3103 | D:4      | Noticed Sigmund
  3125 | D:4      | HP: 2/55 [something (2)]
  3392 | D:4      | HP: 2/55 [Sigmund/scythe of flaming (7)]
  3392 | D:4      | Slain by Sigmund

Skill      XL: |  1  2  3  4  5 |
---------------+----------------+-----
Armour         | 4 5 |  5.4
Fighting       | 4 |  4.8
Shields        | 4 5 |  5.0
Axes           | 3 4 |  4.7

Action                   |  1- 3 |  4- 6 || total
-------------------------+-------+-------++-------
Melee: War axe           |   100 |   163 ||   263
       Headbutt          |    12 |    20 ||    32
  Use: Scroll            |       |     1 ||     1
  Eat: Chunk             |     1 |       ||     1
       Ration            |       |     3 ||     3
Armor: Scale mail        |    69 |    70 ||   139
Dodge: Dodged            |    39 |    46 ||    85
Block: Shield            |    66 |    63 ||   129
